 Dungeon Crawl Stone Soup version 0.28.0-53-g5a82cb258f (webtiles) character file.

Game seed: 13664691727824458790

58 Legadrian the Changer (level 4, -1/32 HPs)
             Began as a Human Transmuter on July 9, 2022.
             Slain by a gnoll
             ... wielding a +0 spear
              (9 damage)
             ... on level 2 of the Dungeon.
             The game lasted 00:05:18 (2229 turns).

Legadrian the Changer (Human Transmuter)            Turns: 2229, Time: 00:05:19

Health: -1/32      AC:  2    Str: 13    XL:     4   Next: 21%
Magic:  6/7        EV: 12    Int: 13    God:
Gold:   53         SH:  0    Dex: 13    Spells: 1/7 levels left

rFire   . . .      SeeInvis .   e - +1 whip (freeze)
rCold   . . .      Faith    .   (no shield)
rNeg    . . .      Spirit   .   a - +0 robe
rPois   .          Reflect  .   (helmet currently unavailable)
rElec   .          Harm     .   (no cloak)
rCorr   .          Rampage  .   (no gloves)
Will    .....                   (boots currently unavailable)
Stlth   +.........              (no amulet)
HPRegen 0.10/turn               (no ring)
MPRegen 0.10/turn               (no ring)

@: appendages
A: horns 2, talons 2
a: End Transformation


You were on level 2 of the Dungeon.
You had temporarily grown beastly horns and talons.
You visited 1 branch of the dungeon, and saw 2 of its levels.

You collected 53 gold pieces.

Inventory:

Hand Weapons
 e - a +1 whip of freezing (weapon)
Missiles
 g - 15 arrows
 h - 35 stones
Armour
 a - a +0 robe (worn)
 d - a +0 helmet (melded)
Scrolls
 c - a scroll of summoning {unknown}
 f - a scroll of fear {unknown}
 i - a scroll of noise {unknown}
 j - a scroll of blinking {unknown}
 l - a scroll of identify {unknown}
Potions
 b - 2 potions of berserk rage {unknown}
 k - a potion of degeneration {unknown}


   Skills:
 - Level 1.0 Fighting
 - Level 2.0 Dodging
 - Level 3.0 Unarmed Combat
 - Level 2.0 Spellcasting
 + Level 4.2 Transmutations


You had one spell level left.
You knew the following spells:

 Your Spells              Type           Power      Damage    Failure   Level
a - Beastly Appendage     Tmut           24%        N/A       4%          1
b - Wereblood             Tmut           12%        N/A       7%          2
c - Spider Form           Tmut/Pois      6%         N/A       32%         3

Your spell library contained the following spells:

 Spells                   Type           Power      Damage    Failure   Level
 Ice Form                 Ice/Tmut       6%         N/A       71%         4


Dungeon Overview and Level Annotations

Branches:
Dungeon (2/15)

Altars:


Innate Abilities, Weirdness & Mutations

You have temporarily grown beastly horns and talons.


Message History

You kill the quokka!
You open the door.
There is an open door here.
A rat comes into view.
You hit the rat but do no damage. The rat bites you but does no damage.
You barely miss the rat. The rat closely misses you.
You hit the rat. You freeze the rat.
You kill the rat!
A gnoll comes into view. It is wielding a +0 whip.
Found 7 gold pieces. 2 gnolls come into view.
Found 9 gold pieces.
The gnoll shouts!
A bat comes into view.
Casting: Beastly Appendage (safe; 4% risk of failure)
Confirm with . or Enter, or press ? or * to list all spells.
You grow a pair of large bovine horns.
Your feet morph into talons.
Your +0 helmet melds into your body.
The gnoll shouts!
The gnoll misses you.
You hit the gnoll. You freeze the gnoll.
The gnoll is heavily wounded.
The bat barely misses you. x2; The gnoll barely misses you.
The gnoll hits you from afar with a +0 spear.
You hit the gnoll. You freeze the gnoll.
The gnoll is moderately wounded.
The bat barely misses you. The gnoll hits you but does no damage.
The bat closely misses you.
You hit the gnoll. You freeze the gnoll.
The gnoll is moderately wounded.
The bat hits you. The gnoll hits you with a +0 whip!
The gnoll hits you from afar with a +0 spear.
The gnoll hits you with a +0 whip.
You hit the gnoll but do no damage. Your kick misses the gnoll.
The gnoll is moderately wounded.
The gnoll closely misses you. The gnoll barely misses you.
The gnoll hits you with a +0 whip.
* * * LOW HITPOINT WARNING * * *
The gnoll hits you from afar with a +0 spear!
You die...

####.# ######### #....
#.# ........#
########.... #.#
........# ............
#.# $.......#
.#######.... ........#
#...... .......b#
##########.... .....g.g#
#...#...##.... .......g#
#.#.#.#.##....
.......@###.#...#.###...
............#####.....##
............# #.....#
........###.# #.###...
........# #.# #.# ####
......... #.. #.#
........# #### ####
.$......# #########


You could see 3 gnolls and a bat.

Vanquished Creatures
  A gnoll (D:1)
  An adder (D:2)
  2 dart slugs
  3 endoplasms (D:1)
  2 giant cockroaches (D:2)
  3 goblins (D:1)
  A hobgoblin (D:1)
  4 kobolds
  2 quokkas
  5 ball pythons
  2 bats (D:1)
  3 frilled lizards
  8 rats
37 creatures vanquished.

Vanquished Creatures (others)
  3 fungi (D:2)
  A plant (D:2)
4 creatures vanquished.

Grand Total: 41 creatures vanquished

Notes
Turn   | Place    | Note
-------+----------+-------------------------------------------
     0 | D:1      | Legadrian the Human Transmuter began the quest for the Orb.
     0 | D:1      | Reached XP level 1. HP: 15/15 MP: 3/3
   278 | D:1      | Reached XP level 2. HP: 4/21 MP: 5/5
   573 | D:1      | Reached skill level 3 in Transmutations
   573 | D:1      | Reached XP level 3. HP: 25/26 MP: 6/6
   849 | D:1      | Learned a level 2 spell: Wereblood
   853 | D:1      | Learned a level 3 spell: Spider Form
  1698 | D:2      | Reached skill level 4 in Transmutations
  1698 | D:2      | Reached XP level 4. HP: 8/32 MP: 7/7
  2229 | D:2      | Slain by a gnoll

Illustrated notes

Levels and vault maps discovered:
D:1:      amcnicky_arrival_double_pillar, layout_basic, serial_forest,
          infiniplex_forest_diagonal, infiniplex_forest_clump_medium,
          infiniplex_forest_lined_room_2, infiniplex_forest_straight_3,
          infiniplex_forest_lined_ring, infiniplex_forest_3_way,
          infiniplex_forest_lined_3, infiniplex_forest_lined_1,
          infiniplex_forest_lined_ring
D:2:      layout_basic, serial_shops, shop_fountains, basic_altar,
          shapermc_ecumenical_altar_acropolis, bh_walls_and_bars

Skill      XL: |  1  2  3 |
---------------+----------+-----
Transmutations | 3 4 |  4.2
Fighting       | |  1.0
Dodging        | |  2.0
Unarmed Combat | |  3.0
Spellcasting   | |  2.0

Action                   |  1- 3 |  4- 6 || total
-------------------------+-------+-------++-------
Melee: Unarmed           |    39 |       ||    39
       Kick              |     6 |     1 ||     7
       Punch             |     2 |       ||     2
       Headbutt          |     6 |     1 ||     7
       Whip              |    35 |    29 ||    64
 Cast: Beastly Appendage |    12 |     4 ||    16
       Wereblood         |     1 |       ||     1
 Stab: Sleeping          |       |     1 ||     1
Armor: Robe              |     9 |     8 ||    17
Dodge: Dodged            |    40 |    24 ||    64
